 Dungeon Crawl Stone Soup version 0.28.0-1-gb440e238dd (webtiles) character file.

Game seed: 689594229693119413

667 bromine the Chopper (level 7, -6/60 HPs)
             Began as a Yellow Draconian Berserker on Feb 26, 2022.
             Was a Believer of Trog.
             Mangled by a gnoll sergeant (13 damage)
             ... on level 5 of the Dungeon.
             The game lasted 00:15:53 (7748 turns).

bromine the Chopper (Yellow Draconian Berserker)    Turns: 7748, Time: 00:15:53

Health: -6/60      AC:  6    Str: 21    XL:     7   Next: 31%
Magic:  7/7        EV: 13    Int:  8    God:    Trog [**....]
Gold:   211        SH:  0    Dex: 10    Spells: 6/6 levels left

rFire   + . .      SeeInvis .   l - +0 war axe
rCold   . . .      Faith    .   (no shield)
rNeg    . . .      Spirit   .   (armour unavailable)
rPois   .          Reflect  .   (helmet restricted)
rElec   .          Harm     .   (no cloak)
rCorr   +          Rampage  .   (no gloves)
Will    .....                   (no boots)
Stlth   ++........              (no amulet)
HPRegen 0.20/turn               k - ring of protection from fire
MPRegen 0.10/turn               (no ring)

@: about to teleport, short of breath, on berserk cooldown, slowed, very slow
A: spit acid, AC +6, unfitting armour, cold-blooded, acid resistance
a: Breathe Acid, Renounce Religion, Berserk, Trog's Hand


You were on level 5 of the Dungeon.
You worshipped Trog.
Trog was pleased with you.
You visited 2 branches of the dungeon, and saw 6 of its levels.

You collected 211 gold pieces.

Inventory:

Hand Weapons
 a - a +0 hand axe
 l - a +0 war axe (weapon)
 n - a +0 mace
 p - a +0 flail
Missiles
 o - a throwing net (quivered)
Armour
 d - a +0 ring mail
 g - a +0 robe
Jewellery
 k - a ring of protection from fire (left hand)
Wands
 h - a wand of paralysis (11)
Scrolls
 c - a scroll of fear
 m - a scroll of blinking {unknown}
 q - a scroll of summoning {unknown}
Potions
 b - 2 potions of attraction {unknown}
 e - 2 potions of curing
 f - 2 potions of brilliance {unknown}
 i - a potion of flight {unknown}
 j - a potion of magic {unknown}
 s - a potion of mutation {unknown}


   Skills:
 + Level 4.9 Fighting
 + Level 5.1(5.5) Axes
 + Level 3.0(4.5) Maces & Flails
 + Level 4.6 Dodging
 + Level 2.2 Stealth


You had 6 spell levels left.
You didn't know any spells.
Your spell library contained the following spells:

 Spells                   Type           Power      Damage    Failure   Level
 Gell's Gravitas          Tloc           0%         N/A       78%         3
 Teleport Other           Tloc           0%         N/A       78%         3
 Dispersal                Tloc           0%         N/A       100%        6


Dungeon Overview and Level Annotations

Branches:
Dungeon (5/15)             Temple (1/1) D:5

Altars:
Ashenzari
Cheibriados
Dithmenos
Elyvilon
Fedhas
Gozag
Hepliaklqana
Kikubaaqudgha
Makhleb
Nemelex Xobeh
Okawaru
Qazlal
Ru
Sif Muna
Trog
Uskayaw
Wu Jian
Xom
Yredelemnul
Zin
The Shining One

Shops:
D:1 =?=!*


Innate Abilities, Weirdness & Mutations

You can spit globs of acid.
Your golden yellow scales are hard. (AC +6)
You cannot fit into any form of body armour.
You are cold-blooded and may be slowed by cold attacks.
You are resistant to acid. (rCorr)


Message History

The gnoll sergeant hits you from afar with a +0 vorpal spear.
An orc and an orc priest come into view.
You are no longer berserk.
You are exhausted.
You feel yourself slow down.
The orc shouts!
The orc priest shouts!
The jelly hits you.
You are splashed with acid.
You resist.
The orc priest looks encouraged for a moment.
As you read the scroll of fear, it crumbles to dust.
You assume a fearsome visage.
The jelly looks frightened!
The orc wizard looks frightened!
The orc looks frightened!
The orc priest looks frightened!
The gnoll sergeant looks frightened!
The gnoll looks frightened!
The orc wizard casts a spell.
The orc wizard flickers and vanishes!
Deactivating autopickup; reactivate with Ctrl-A.
An orc wizard comes into view. It is wielding a +0 dagger.
Cornered, the gnoll sergeant turns to fight!
Cornered, the jelly turns to fight!
The gnoll sergeant barely misses you.
You see here a +1 vampiric long sword.
The gnoll sergeant hits you from afar with a +0 vorpal spear.
The jelly hits you but does no damage.
The gnoll sergeant hits you from afar with a +0 vorpal spear.
You see here a +0 spear.
The gnoll sergeant closely misses you. The jelly hits you.
* * * LOW HITPOINT WARNING * * *
You are splashed with acid.
You resist.
* * * LOW HITPOINT WARNING * * *
You see here an iguana corpse.
As you read the scroll of teleportation, it crumbles to dust.
You feel strangely unstable.
The gnoll sergeant hits you but does no damage.
The jelly closely misses you.
The gnoll sergeant hits you from afar with a +0 vorpal spear!
* * * LOW HITPOINT WARNING * * *
x2 The jelly misses you.
The gnoll sergeant completely misses you.
The jelly hits you but does no damage.
The gnoll sergeant hits you with a +0 vorpal spear!
You die...

.o. ..... .. ...... ..
^).... ##### #. ......
....# #. #...... ###.#
#.##....... #.#
#.......### #.##
#########g)......<
#..#
#......)@J†..#####
##.## #.######..[..#
#.(###.####........#
##..†.<.....#....#...#
#####.###.....#.###...
##.#...#...#.# #..
#..#.###.....# #.
#####.##.# #<....#
##........#


You could see a gnoll sergeant and a jelly.

Vanquished Creatures
  An ice beast (D:4)
  A scorpion (D:4)
  A hound (D:4)
  A bullfrog zombie (D:5)
  A jelly (D:4)
  A centaur skeleton (D:4)
  2 orc priests (D:4)
  2 iguanas (D:5)
  4 orc wizards
  2 adders
  8 gnolls
  2 worms (D:2)
  13 orcs
  An endoplasm (D:2)
  3 giant cockroaches
  6 goblins
  4 hobgoblins
  4 jackals (D:3)
  8 kobolds
  A quokka (D:4)
  7 ball pythons
  2 bats (D:3)
  A frilled lizard (D:2)
  7 rats
  6 bushes (Temple)
89 creatures vanquished.

Vanquished Creatures (others)
  A plant (Temple)
1 creature vanquished.

Grand Total: 90 creatures vanquished

Notes
Turn   | Place    | Note
-------+----------+-------------------------------------------
     0 | D:1      | bromine the Draconian Berserker began the quest for the
                  | Orb.
     0 | D:1      | Reached XP level 1. HP: 19/19 MP: 1/1
   249 | D:1      | Reached XP level 2. HP: 20/26 MP: 2/2
   859 | D:1      | Found Madeleet's Jewellery Emporium.
   900 | D:1      | Found Peroq's Distillery.
  1126 | D:1      | Found Jocoapt's Jewellery Emporium.
  1188 | D:1      | Found Quenuk's Magic Scroll Emporium.
  1381 | D:1      | Found Pozongost's General Store.
  2618 | D:2      | Reached XP level 3. HP: 22/33 MP: 3/3
  4251 | D:3      | Reached skill level 1 in Stealth
  4251 | D:3      | Reached XP level 4. HP: 34/40 MP: 4/4
  4324 | D:3      | Found a faded altar of an unknown god.
  4959 | D:4      | Reached skill level 4 in Axes
  5244 | D:4      | Reached XP level 5. HP: 42/46 MP: 5/5
  5295 | D:4      | Noticed an ice beast
  5307 | D:4      | Killed an ice beast
  5308 | D:4      | Reached skill level 1 in Maces & Flails
  5308 | D:4      | Reached XP level 6. HP: 53/53 MP: 6/6
  6027 | D:4      | Reached ** piety under Trog
  6517 | D:4      | Your scales start taking on a golden yellow colour.
  6517 | D:4      | Reached XP level 7. HP: 39/60 MP: 7/7
  6517 | D:4      | Gained mutation: You are resistant to acid. (rCorr) [Yellow
                  | Draconian growth]
  7051 | D:5      | Entered Level 5 of the Dungeon
  7064 | D:5      | Found a staircase to the Ecumenical Temple.
  7073 | Temple   | Entered the Ecumenical Temple
  7728 | D:5      | Reached skill level 5 in Axes
  7748 | D:5      | Mangled by a gnoll sergeant

Illustrated notes

Levels and vault maps discovered:
D:1:      ebering_trefoil_twist, layout_basic, serial_shops, shop, shop_statue,
          shop, shop, nicolae_shop_stone
D:2:      layout_loops_corners
D:3:      layout_loops_cross, ebering_ecumenical_altar_rust
D:4:      layout_basic
D:5:      layout_rooms, minmay_temple_entry_trees, chequers_ossuary_entry_cave
Temple:   kilobyte_greek_temple

Skill      XL: |  1  2  3  4  5  6  7 |
---------------+----------------------+-----
Dodging        | 3 4 |  4.6
Fighting       | 4 |  4.9
Stealth        | 1 2 |  2.2
Axes           | 4 5 |  5.1
Maces & Flails | 1 2 3 |  3.0

Action                   |  1- 3 |  4- 6 |  7- 9 || total
-------------------------+-------+-------+-------++-------
Melee: Hand axe          |    92 |    21 |       ||   113
       Tailslap          |    10 |    15 |    47 ||    72
       Punch             |     1 |     1 |     5 ||     7
       Mace              |       |    66 |       ||    66
       Flail             |       |    50 |       ||    50
       War axe           |       |    21 |   190 ||   211
Invok: Berserk           |     2 |     3 |     1 ||     6
 Abil: Breathe Acid      |       |       |     1 ||     1
  Use: Scroll            |     6 |     3 |     2 ||    11
       Potion            |       |     2 |       ||     2
 Stab: Sleeping          |     1 |       |       ||     1
Armor: Skin              |    21 |    55 |    11 ||    87
Dodge: Dodged            |    56 |   113 |    31 ||   200
